 Dungeon Crawl Stone Soup version 0.30-a0-311-gf115ab0292 (webtiles) character file.

Game seed: 1122886010985182019

30 Zonian the Sneak (level 3, 0/29 HPs)
             Began as a Djinni Brigand on Oct 25, 2022.
             Slain by a worm (11 damage)
             ... on level 2 of the Dungeon.
             The game lasted 00:01:35 (1039 turns).

Zonian the Sneak (Djinni Brigand)                   Turns: 1039, Time: 00:01:35

Health: 0/29       AC:  3    Str: 10    XL:     3   Next: 35%
Gold:   76         EV: 12    Int: 14    God:
                   SH:  0    Dex: 14

rFire   + + .      SeeInvis .    k - +2 hand axe (elec)
rCold   x . .      Faith    .    (no shield)
rNeg    . . .      Spirit   .    b - +0 robe
rPois   ∞          Reflect  .    (no helmet)
rElec   .          Harm     .    c - +0 cloak
rCorr   .          Rampage  .    (no gloves)
Will    +....                    (boots unavailable)
Stlth   ++........               (no amulet)
HPRegen 0.24/turn                f - ring of willpower
MPRegen 0.00/turn                (no ring)

@: flying
A: sickness immunity, fire resistance 2, cold vulnerability 1, float, innate
caster, HP casting, extra vitality 1
a: no special abilities


You were on level 2 of the Dungeon.
You visited 1 branch of the dungeon, and saw 2 of its levels.

You collected 76 gold pieces.

Inventory:

Hand Weapons
 a - a +2 dagger
 k - a +2 hand axe of electrocution (weapon)
Missiles
 d - 9 poisoned darts (quivered)
 e - 3 curare-tipped darts
 i - 2 silver javelins
Armour
 b - a +0 robe (worn)
 c - a +0 cloak (worn)
Jewellery
 f - a ring of willpower (left hand)
Scrolls
 j - a scroll of blinking {unknown}
 l - a scroll of immolation {unknown}
 m - a scroll of teleportation {unknown}
Potions
 g - a potion of invisibility {unknown}
 h - 2 potions of curing {unknown}
 n - a potion of attraction {unknown}


   Skills:
 + Level 2.3 Fighting
 + Level 2.1 Short Blades
 + Level 1.9 Throwing
 + Level 1.7 Dodging
 + Level 3.5 Stealth


You had one spell level left.
You knew the following spells:

 Your Spells              Type           Power      Damage    Failure   Level
a - Sting                 Tmut/Pois      0%         1d3       28%         1
Your spell library was empty.

Dungeon Overview and Level Annotations

Branches:
Dungeon (2/15)

Altars:


Innate Abilities, Weirdness & Mutations

You are immune to sickness and miasma.
You are immune to poison.
Your flesh is very heat resistant. (rF++)
You are vulnerable to cold. (rC-)
You float through the air rather than walking.
You learn spells naturally, not from books.
Your magical power is your life essence.
You have superior vitality. (+4 MHP)


Message History

You kill the bat!
No target in view!
Unknown command.
A worm comes into view.
A worm is nearby!
Unknown command.
An adder comes into view.
The worm bites you.
You hit the worm.
The worm is lightly wounded.
You hit the plant.
The plant begins to die.
You hit the plant.
The plant begins to die.
The worm misses you.
You hit the worm.
The worm is lightly wounded.
You hit the plant. Lightning courses through the plant! You hit the plant.
The adder hisses angrily.
You slash the worm!
The worm is heavily wounded.
You hit the plant. x2; A nearby plant withers and dies. x2
The worm misses you.
You slash the worm!
The worm is almost dead.
You barely miss the adder. The adder misses you. The adder bites you.
The worm bites you. The adder attacks as you move away!
The adder closely misses you. The adder bites you.
You hit the adder.
The adder is moderately wounded.
The adder misses you.
You miss the adder.
The adder is moderately wounded.
The adder closely misses you. The adder barely misses you.
You hit the worm but do no damage.
The worm is severely wounded.
You hit the adder. The adder bites you. The worm barely misses you.
The adder closely misses you.
You hit the worm.
The worm is severely wounded.
You closely miss the adder. The adder bites you. The worm bites you!
You die...

#.. .###########.#
.......<..##.###
.########.##...#
#(.....### #
#.####...# ..
#.#....#.#
...########.#.##.#
.#
.........@....##.#
#
........Sw....##..
#~~~~P..~~P~#.##.##
#~P~P~~.~P~P#.##.#
#P~~PP~~~~~~..####
#~P~~PP~~~~~###
#~~~~P~~~P~P#
#~~P~~≈P~~~P#
♣~~≈~~≈≈P≈~P♣


You could see a worm and an adder.

Vanquished Creatures
  4 endoplasms (D:1)
  3 goblins (D:1)
  4 hobgoblins (D:1)
  3 kobolds (D:1)
  2 quokkas (D:1)
  2 ball pythons (D:1)
  5 bats
  A frilled lizard (D:1)
  A rat (D:1)
25 creatures vanquished.

Vanquished Creatures (others)
  2 plants (D:2)
2 creatures vanquished.

Grand Total: 27 creatures vanquished

Notes
Turn   | Place    | Note
-------+----------+-------------------------------------------
     0 | D:1      | Zonian the Djinni Brigand began the quest for the Orb.
     0 | D:1      | Reached XP level 1. HP: 18/18 MP: 0/0
   140 | D:1      | Reached XP level 2. HP: 23/23 MP: 0/0
   414 | D:1      | Found a faded altar of an unknown god.
   548 | D:1      | Reached XP level 3. HP: 19/28 MP: 0/0
   548 | D:1      | Learned a level 1 spell: Sting
  1039 | D:2      | Slain by a worm

Illustrated notes

Levels and vault maps discovered:
D:1:      dpeg_arrival_signposts, layout_basic,
          hellmonk_ecumenical_altar_heavens_door
D:2:      layout_basic, serial_bayou, serial_bayou_shore_b,
          serial_bayou_shore_a, serial_bayou_lagoon_a, serial_bayou_shore_b,
          basic_altar, kennysheep_flooded_box

Skill      XL: |  1  2 |
---------------+-------+-----
Short Blades   | 2 |  2.1
Fighting       | |  2.3
Throwing       | |  1.9
Dodging        | |  1.7
Stealth        | |  3.5

Action                   || total
-------------------------++-------
Melee: Dagger            ||    43
       Hand axe          ||    27
 Stab: Sleeping          ||     7
Armor: Robe              ||     9
Dodge: Dodged            ||    48

Table legend: (Time is in decaauts)
 A = Elapsed time spent in this place.
 B = Non-inter-level travel time spent in this place.
 C = Inter-level travel time spent in this place.
 D = Time resting spent in this place.
 E = Time spent auto-exploring this place.
 F = Levels seen in this place.
 G = Mean time per level.
                   A        B        C        D        E       F      G
               +--------+--------+--------+--------+--------+-----+--------+
         Total |   1041 |   1028 |     13 |      0 |    794 |   2 |  520.5 |
       Dungeon |   1041 |   1028 |     13 |      0 |    794 |   2 |  520.5 |
               +--------+--------+--------+--------+--------+-----+--------+

Top non-repeatable levels by time:
     D:1: 1005 daAuts
     D:2: 35 daAuts
